 Dungeon Crawl Stone Soup version 0.31-a0-1338-gb567cfdca4 (console) character file.

Game seed: 16438915184021777448

5094 petzl the Thaumaturge (level 10, -5/76 HPs)
             Began as a Formicid Delver on Dec 22, 2023.
             Was a Follower of Vehumet.
             Slain by a six-headed hydra (12 damage)
             ... on level 9 of the Dungeon.
             The game lasted 00:40:00 (8249 turns).

petzl the Thaumaturge (Formicid Delver)             Turns: 8249, Time: 00:40:01

Health: -5/76      AC:  5    Str: 22    XL:     10   Next: 87%
Magic:  24/24      EV: 15    Int: 15    God:    Vehumet [*.....]
Gold:   371        SH:  0    Dex: 19    Spells: 29/29 levels left

rFire   . . .        b - +4 flail of Impeachment {heavy, SInv}
rCold   . . .        (no shield)
rNeg    . . .        H - +2 leather armour {Will+}
rPois   .            (helmet unavailable)
rElec   .            (no cloak)
rCorr   .            (no gloves)
SInv    +            (no boots)
Will    ++++.        G - amulet of the acrobat
Stlth   +++          s - ring of willpower
HPRegen 0.32/turn    h - ring "Ura Huz" {Will+ Str+6 Dex+4}
MPRegen 0.19/turn

%: acrobat
@: no status effects
A: permanent stasis, dig shafts and tunnels, antennae 3, four strong arms
a: Dig, Shaft Self, Renounce Religion


You were on level 9 of the Dungeon.
You worshipped Vehumet.
Vehumet was aware of your devotion.
You visited 1 branch of the dungeon, and saw 10 of its levels.

You collected 371 gold pieces.

Inventory:

Hand Weapons
 a - the +3 greatsling "Punk" {acid, rCorr}
   (You found it on level 4 of the Dungeon)

   rCorr:     It protects you from acid and corrosion.
 b - the +4 flail of Impeachment (weapon) {heavy, SInv}
   (You found it on level 3 of the Dungeon)

   SInv:      It lets you see invisible.
 c - a +5 short sword of venom
 w - a +1 short sword of draining
Missiles
 i - 4 poisoned darts
 y - 6 curare-tipped darts
 E - 4 throwing nets
Armour
 B - a +0 ring mail of fire resistance
 H - a +2 leather armour of willpower (worn)
Jewellery
 g - a ring of wizardry
 h - the ring "Ura Huz" (right hand) {Will+ Str+6 Dex+4}
   (You acquired it on level 4 of the Dungeon)

   [ring of strength]

   Str+6:     It affects your strength (+6).
   Dex+4:     It affects your dexterity (+4).
   Will+:     It increases your willpower.
 k - a ring of wizardry
 q - a ring of flight
 s - a ring of willpower (left hand)
 z - a ring of protection from cold
 F - a ring of positive energy
 G - an amulet of the acrobat (around neck)
Wands
 f - a wand of digging (2)
 m - a wand of polymorph (13)
 r - a wand of flame (22)
Scrolls
 d - a scroll of revelation
 e - 2 scrolls of immolation {unknown}
 j - a scroll of summoning {unknown}
 l - 2 scrolls of enchant weapon
 p - 2 scrolls of enchant armour
 t - a scroll of amnesia
 v - a scroll of fog
 A - a scroll of silence
Potions
 n - a potion of enlightenment
 o - a potion of heal wounds
 u - a potion of ambrosia {unknown}
 x - a potion of might {unknown}
 C - a potion of resistance {unknown}
 D - a potion of lignification {unknown}


   Skills:
 - Level 6.0 Fighting
 - Level 3.0 Maces & Flails
 + Level 7.7 Ranged Weapons
 - Level 6.0 Dodging
 - Level 6.0 Stealth
 + Level 10.2 Spellcasting
 - Level 2.0 Evocations


You had 29 spell levels left.
You didn't know any spells.
Your spell library contained the following spells:

 Spells                   Type           Power      Damage    Failure   Level
 Foxfire                  Conj/Fire      28%        2x1d5     11%         1
 Apportation              Tloc           14%        N/A       11%         1
 Magic Dart               Conj           28%        1d4       11%         1
 Call Imp                 Summ           14%        N/A       17%         2
 Jinxbite                 Hex            14%        N/A       17%         2
 Searing Ray              Conj           14%        2d5       17%         2
 Sublimation of Blood     Necr           7%         N/A       17%         2
 Fulminant Prism          Conj/Alch      3%         3d5       73%         4
 Alistair's Intoxication  Alch           4%         N/A       97%         5
 Summon Forest            Summ/Tloc      3%         N/A       97%         5
 Summon Mana Viper        Hex/Summ       7%         N/A       97%         5
 Eringya's Noxious Bog    Alch           3%         4d6       100%        6
 Summon Cactus Giant      Summ           3%         N/A       100%        6
 Summon Hydra             Summ           3%         N/A       100%        7


Dungeon Overview and Level Annotations

Branches:
Dungeon (10/15)            Temple (0/1) D:7            Lair (0/5) D:8
    Orc: D:9-12

Altars:
Elyvilon
Fedhas
Hepliaklqana
Sif Muna
Vehumet

Shops:
D:4 *   D:6 (

Annotations:
D:4 3 runed translucent doors, Curundu's ghost, amateur MiBe
D:6 2 transporters


Innate Abilities, Weirdness & Mutations

You cannot be hasted, slowed, berserked, paralysed or teleported.
You can dig through walls and to a lower floor.
You have a pair of large antennae on your head. (SInv)
Your four strong arms can wield two-handed weapons with a shield.


Message History

You shoot a sling bullet.
The sling bullet hits the six-headed hydra!
The six-headed hydra is splashed with acid.
The six-headed hydra is lightly wounded.
You shoot a sling bullet.
The sling bullet hits the six-headed hydra.
The six-headed hydra is splashed with acid.
The acid corrodes the six-headed hydra!
The six-headed hydra is moderately wounded.
You shoot a sling bullet.
The sling bullet barely misses the six-headed hydra.
You shoot a sling bullet.
The sling bullet hits the six-headed hydra.
The six-headed hydra is splashed with acid!
The six-headed hydra is heavily wounded.
You shoot a sling bullet.
The sling bullet hits the six-headed hydra!
The six-headed hydra is splashed with acid.
The six-headed hydra is severely wounded.
You shoot a sling bullet.
The sling bullet hits the six-headed hydra.
The six-headed hydra is splashed with acid.
The six-headed hydra seems to be corroded for longer.
The six-headed hydra is severely wounded.
The +3 greatsling "Punk" {acid, rCorr} stops oozing corrosive slime.
b - the +4 flail of Impeachment (weapon)
{heavy, SInv} The six-headed hydra bites you!
The six-headed hydra bites you but does no damage. x2
The six-headed hydra bites you! x2; The six-headed hydra misses you.
You completely miss the six-headed hydra.
The six-headed hydra is severely wounded.
The six-headed hydra closely misses you.
The six-headed hydra bites you! The six-headed hydra barely misses you.
The six-headed hydra bites you!
* * * LOW HITPOINT WARNING * * *
The six-headed hydra barely misses you. The six-headed hydra bites you!
* * * LOW HITPOINT WARNING * * *
The six-headed hydra closely misses you.
The six-headed hydra misses you. The six-headed hydra bites you!
You die...

#.......... ###.#<# #..)......#
###...#)### #..........
##.........# ##.....(....
#.....>#.##### ............
....##..#...#.# ........... .#
##.#.....## .......##..
#..#......# .yyy<..##..#
####..###....##
...y..###...####.............###
......WD.....#.................##
........)..W..........####......#
.......##.............# ####..##
.............<........# ##..##
).........##h........######..##
.......... ###.......###......#
#........###......##
........##.## ##....####
.####..###WD## #.......# { #...
#..@###...?...#
......###..#........#
...#...................
....###........##.....#.. ...
##.....#........#..
#....../.........
..................
...............##..
#......$.......# ..
..............


You could see a six-headed hydra (corroded) and a wraith.

Vanquished Creatures
  A hornet (D:7)
  3 yaks (D:9)
  A wyvern (D:6)
  2 vampire mosquitoes (D:10)
  3 steam dragons
  Duvessa (D:5)
  3 water moccasins
  2 sky beasts (D:8)
  2 orc warriors
  An ogre (D:6)
  2 phantoms
  A bullfrog (D:7)
  5 scorpions
  6 wights
  Dowan (D:5)
  10 killer bees
  10 howler monkeys
  3 orc priests
  5 hounds
  2 gnoll boudas
  2 jellies
  Jessica (D:2)
  3 sleepcaps
  Ijyb (D:3)
  5 iguanas
  5 orc wizards
  9 gnolls
  9 adders
  7 shadow imps
  4 white imps
  3 bombardier beetles (D:5)
  2 ufetubi (D:5)
  2 dart slugs
  20 orcs
  10 endoplasms
  4 giant cockroaches
  8 goblins
  5 hobgoblins
  6 jackals (D:2)
  3 quokkas
  7 ball pythons
  3 bats
  4 frilled lizards
  6 kobolds
  3 rats
196 creatures vanquished.

Notes
Turn   | Place    | Note
-------+----------+-------------------------------------------
     0 | D:5      | petzl the Formicid Delver began the quest for the Orb.
     0 | D:5      | Reached XP level 1. HP: 18/18 MP: 1/1
     2 | D:6      | Noticed a sleepcap
     5 | D:6      | Noticed an iguana
    15 | D:5      | Noticed a hound
    30 | D:5      | Noticed an iguana
    98 | D:5      | Found a shimmering blue altar of Sif Muna.
   172 | D:5      | Noticed Dowan
   218 | D:5      | Noticed an orc wizard
   219 | D:5      | Noticed Duvessa
   286 | D:1      | Reached skill level 1 in Spellcasting
   292 | D:1      | Reached XP level 2. HP: 19/24 MP: 2/4
   420 | D:1      | Reached skill level 2 in Spellcasting
   573 | D:1      | Reached XP level 3. HP: 26/29 MP: 6/6
  1055 | D:2      | Noticed Jessica
  1062 | D:2      | Killed Jessica
  1063 | D:2      | Reached skill level 3 in Spellcasting
  1063 | D:2      | Reached XP level 4. HP: 35/35 MP: 9/9
  1103 | D:2      | Noticed a phantom
  1134 | D:2      | You fall into a shaft and drop 1 floor!
  1269 | D:3      | Identified the +4 flail of Impeachment {heavy, SInv}
  1294 | D:3      | Noticed Ijyb
  1306 | D:3      | Killed Ijyb
  1307 | D:3      | Reached skill level 4 in Spellcasting
  1415 | D:2      | Reached XP level 5. HP: 41/41 MP: 11/11
  1517 | D:2      | Killed a phantom
  1518 | D:2      | Reached skill level 5 in Spellcasting
  1518 | D:2      | Reached XP level 6. HP: 37/47 MP: 11/13
  1993 | D:2      | Found a faded altar of an unknown god.
  2624 | D:4      | Reached skill level 6 in Spellcasting
  2661 | D:4      | Reached XP level 7. HP: 51/52 MP: 16/16
  2803 | D:4      | Found Reiziapp's Fire Supplies.
  2921 | D:4      | Identified a scroll of acquirement
  2924 | D:4      | Acquired the ring "Ura Huz" {Will+ Str+6 Dex+4}
  2929 | D:4      | Found a runed translucent gate.
  2929 | D:4      | Found a runed translucent gate.
  2929 | D:4      | Found a runed translucent gate.
  2929 | D:4      | Noticed Curundu's ghost (amateur MiBe)
  2976 | D:4      | Found the +3 greatsling "Punk" {acid, rCorr}
  3219 | D:5      | Killed Duvessa
  3220 | D:5      | Reached skill level 1 in Ranged Weapons
  3220 | D:5      | Reached skill level 1 in Evocations
  3439 | D:5      | Killed Dowan
  3826 | D:5      | Reached XP level 8. HP: 58/58 MP: 18/18
  3864 | D:5      | Reached skill level 7 in Spellcasting
  4662 | D:6      | Found a transporter.
  4662 | D:6      | Found a transporter.
  4668 | D:6      | Noticed a wyvern
  4678 | D:6      | You fall into a shaft and drop 1 floor!
  4956 | D:7      | Reached XP level 9. HP: 64/64 MP: 20/20
  5013 | D:7      | Noticed a hornet
  5019 | D:7      | Killed a hornet
  5020 | D:7      | Reached skill level 8 in Spellcasting
  5049 | D:7      | Found a staircase to the Ecumenical Temple.
  5342 | D:7      | Reached skill level 5 in Ranged Weapons
  5342 | D:7      | Reached skill level 5 in Dodging
  5505 | D:6      | Found a white marble altar of Elyvilon.
  5505 | D:6      | Found a hazy altar of Hepliaklqana.
  5559 | D:6      | Found Hoemaoti's Antique Weapon Shoppe.
  5919 | D:6      | Reached skill level 9 in Spellcasting
  5919 | D:6      | Reached XP level 10. HP: 71/71 MP: 21/23
  6032 | D:6      | Found a blossoming altar of Fedhas.
  6171 | D:7      | You fall into a shaft and drop 3 floors!
  6171 | D:10     | Entered Level 10 of the Dungeon
  6353 | D:10     | Noticed a two-headed ogre
  6658 | D:9      | Reached skill level 5 in Fighting
  6768 | D:8      | Found a radiant altar of Vehumet.
  6773 | D:8      | Became a worshipper of Vehumet
  7451 | D:8      | Found a staircase to the Lair.
  7554 | D:8      | Reached skill level 10 in Spellcasting
  7689 | D:9      | Noticed a six-headed hydra
  7921 | D:8      | Found a radiant altar of Vehumet.
  8109 | D:8      | Reached * piety under Vehumet
  8109 | D:8      | Offered knowledge of Foxfire by Vehumet.
  8249 | D:9      | Slain by a six-headed hydra

Illustrated notes

Levels and vault maps discovered:
D:1:      tarquinn_simple_flora_water_a, layout_basic
D:2:      layout_basic, chequers_ecumenical_altar_lobes, uniq_jessica
D:3:      layout_loops_ring, amcnicky_mini_pool_small, uniq_ijyb
D:4:      layout_rooms, ebering_ghost_rock_garden, kennysheep_minor_cross,
          minmay_misc_feat_enclosed, nicolae_shop_fire_sale
          [nicolae_sub_dead_trees]
D:5:      minmay_clustersquares, layout_basic, old_standard_altar, uniq_duvessa
D:6:      layout_cave_pools, lemuel_coloured_pillars_altar,
          nicolae_overflow_two_pavilions, serial_shops, nicolae_diamond_shop,
          serial_demonic, serial_demonic_b, serial_demonic_g, serial_demonic_d,
          serial_demonic_f, serial_demonic_a, serial_demonic_f,
          gammafunk_ghost_gnarly_gnolls, st_stairs_7, corexii_hall_statues_s
D:7:      layout_basic, minmay_temple_entry_waves
D:8:      layout_gridville, kennysheep_little_box, lair_entry_dummy
D:9:      layout_cave_pools, minivault_4, minivault_16
D:10:     layout_loops_corners, nicolae_qazlal_scattered_showers,
          mainiacjoe_overflow_small_starburst, minmay_orc_entry_temple_small,
          serial_shops, shop_coins

Skill      XL: |  1  2  3  4  5  6  7  8  9 10 |
---------------+-------------------------------+-----
Spellcasting   | 1 2 3 4 5 6 7 9 10 | 10.2
Ranged Weapons | 1 4 5 7 |  7.7
Dodging        | 2 4 5 6 |  6.0
Evocations     | 2 |  2.0
Maces & Flails | 3 |  3.0
Fighting       | 6 |  6.0
Stealth        | |  6.0

Action                     |  1- 3 |  4- 6 |  7- 9 | 10-12 || total
---------------------------+-------+-------+-------+-------++-------
  Melee: Mace              |    59 |       |       |       ||    59
         Punch             |     1 |       |     1 |     1 ||     3
         Short sword       |     3 |    30 |    28 |       ||    61
         Flail             |       |    69 |    64 |    43 ||   176
   Fire: Greatsling        |       |       |   152 |    96 ||   248
Ability: Dig               |     1 |       |       |     2 ||     3
         Shaft Self        |       |     1 |     1 |     1 ||     3
  Evoke: Wand              |     1 |       |       |       ||     1
    Use: Scroll            |     3 |       |     6 |     2 ||    11
         Potion            |       |       |       |     3 ||     3
   Stab: Sleeping          |     8 |     9 |     5 |       ||    22
         Distracted        |       |       |     1 |       ||     1
 Armour: Leather armour    |    44 |    78 |    66 |    24 ||   212
         Skin              |       |     7 |       |       ||     7
         Ring mail         |       |       |    35 |    43 ||    78
  Dodge: Dodged            |    59 |   104 |   120 |    79 ||   362

Table legend: (Time is in decaauts)
 A = Elapsed time spent in this place.
 B = Non-inter-level travel time spent in this place.
 C = Inter-level travel time spent in this place.
 D = Time resting spent in this place.
 E = Time spent auto-exploring this place.
 F = Levels seen in this place.
 G = Mean time per level.
                   A        B        C        D        E       F      G
               +--------+--------+--------+--------+--------+-----+--------+
         Total |   8457 |   7845 |    612 |   1443 |   3968 |  10 |  845.7 |
       Dungeon |   8457 |   7845 |    612 |   1443 |   3968 |  10 |  845.7 |
               +--------+--------+--------+--------+--------+-----+--------+

Top non-repeatable levels by time:
     D:5: 1538 daAuts
     D:7: 1155 daAuts
     D:8: 1142 daAuts
     D:2: 859 daAuts
     D:6: 853 daAuts
     D:3: 781 daAuts
     D:4: 763 daAuts
     D:1: 757 daAuts
    D:10: 328 daAuts
     D:9: 278 daAuts
